 Dungeon Crawl Stone Soup version 0.32-a0-468-g38b2580584 (webtiles) character file.

Game seed: 17952548641108058591

9933 Malificent the Basher (level 11, -3/90 HPs)
             Began as a Mountain Dwarf Artificer on Feb 25, 2024.
             Was a Believer of the Shining One.
             Slain by a white ugly thing (25 damage)
             ... on level 11 of the Dungeon.
             The game lasted 00:43:44 (12909 turns).

Malificent the Basher (Mountain Dwarf Artificer)   Turns: 12909, Time: 00:43:44

Health: -3/90      AC:  7    Str: 19    XL:     11   Next: 29%
Magic:  0/15       EV: 12    Int: 15    God:    the Shining One [**....]
Gold:   302        SH:  0    Dex: 13    Spells: 10/10 levels left

rFire   + . .        E - +4 dire flail (flame)
rCold   . . .        (shield currently unavailable)
rNeg    + . .        b - +0 troll leather armour
rPois   .            M - +0 helmet {Int+3}
rElec   .            (no cloak)
rCorr   +            D - +0 pair of gloves {Dex+3}
SInv    .            (no boots)
Will    +....        I - amulet of guardian spirit
Stlth   +            i - ring of protection from fire
HPRegen 1.15/turn    s - ring of resist corrosion
MPRegen 0.14/turn

%: guardian spirit
@: glowing
A: runic magic, artefact enchanting
a: Renounce Religion, Divine Shield


You were on level 11 of the Dungeon.
You worshipped the Shining One.
The Shining One was pleased with you.
You visited 2 branches of the dungeon, and saw 12 of its levels.
You also visited: Sewer.

You collected 596 gold pieces.
You spent 294 gold pieces at shops.

Inventory:

Hand Weapons
 a - a +2 flail of flaming
 e - a +0 battleaxe
 p - a +0 hand axe of freezing
 x - a +2 whip of electrocution
 E - a +4 dire flail of flaming (weapon)
Missiles
 j - 15 poisoned darts (quivered)
 w - 4 atropa-tipped darts
Armour
 b - a +0 troll leather armour (worn)
 t - a +0 buckler
 u - a +0 helmet
 C - +0 ice dragon scales
 D - a +0 pair of gloves of dexterity (worn)
 G - a +0 buckler of protection
 M - a +0 helmet of intelligence (worn)
 P - a +0 cloak
Jewellery
 i - a ring of protection from fire (left hand)
 l - the ring "Sone" {^Contam rN+ Int+6 Dex+6}
   (You bought it in a shop on level 8 of the Dungeon)

   [ring of dexterity]

   Int+6:     It affects your intelligence (+6).
   Dex+6:     It affects your dexterity (+6).
   rN+:       It protects you from negative energy.
   ^Contam:   It causes magical contamination when unequipped.
 s - a ring of resist corrosion (right hand)
 I - an amulet of guardian spirit (around neck)
 N - a ring of positive energy
Talismans
 n - a dragon-blood talisman
Wands
 c - a wand of flame (14)
 d - a wand of charming (1)
 m - a wand of light (3)
 L - a wand of mindburst (2)
 Q - a wand of iceblast (6)
Scrolls
 h - 2 scrolls of immolation
 k - a scroll of fear
 q - a scroll of silence
 v - 7 scrolls of revelation
 y - 5 scrolls of teleportation
 A - a scroll of blinking
 F - a scroll of brand weapon
 H - 2 scrolls of enchant armour
Potions
 f - 2 potions of resistance {unknown}
 g - 2 potions of cancellation
 o - 5 potions of curing
 r - 2 potions of heal wounds
 z - a potion of haste {unknown}
 B - 2 potions of lignification {unknown}
 J - a potion of degeneration {unknown}
 K - a potion of attraction {unknown}
 O - 2 potions of magic {unknown}


   Skills:
 + Level 6.3 Fighting
 + Level 10.9 Maces & Flails
 + Level 0.3 Throwing
 * Level 10.4 Armour
 + Level 2.7 Dodging
 + Level 2.3 Stealth
 + Level 3.8 Shields
 * Level 6.5 Invocations
 * Level 8.5 Evocations


You had 10 spell levels left.
You didn't know any spells.
Your spell library contained the following spells:

 Spells                   Type           Power      Damage    Failure   Level
 Slow                     Hex            0%         N/A       28%         1
 Summon Small Mammal      Summ           0%         N/A       28%         1
 Ensorcelled Hibernation  Hex/Ice        0%         N/A       38%         2
 Scorch                   Fire           0%         2d5       38%         2
 Call Canine Familiar     Summ           0%         N/A       63%         3
 Confusing Touch          Hex            0%         N/A       63%         3
 Fugue of the Fallen      Necr           0%         N/A       63%         3
 Gell's Gravitas          Tloc           0%         N/A       63%         3
 Inner Flame              Hex/Fire       0%         N/A       63%         3
 Ozocubu's Armour         Ice            0%         N/A       63%         3
 Passwall                 Erth           0%         N/A       63%         3
 Sigil of Binding         Hex            0%         N/A       63%         3
 Swiftness                Air            0%         N/A       63%         3
 Teleport Other           Tloc           0%         N/A       63%         3
 Vampiric Draining        Necr           0%         2d6       63%         3
 Flame Wave               Conj/Fire      0%         2d4       95%         4
 Manifold Assault         Tloc           0%         N/A       95%         4
 Sticky Flame             Fire/Alch      0%         2d4       95%         4
 Summon Blazeheart Golem  Fire/Summ      0%         N/A       95%         4
 Irradiate                Conj/Alch      0%         3d11      100%        5
 Dispersal                Tloc           0%         N/A       100%        6
 Summon Cactus Giant      Summ           0%         N/A       100%        6
 Ignition                 Fire           0%         3d3       100%        8


Dungeon Overview and Level Annotations

Branches:
Dungeon (11/15)            Temple (1/1) D:7            Lair (0/5) D:8
    Orc (0/2) D:11          Sewer (visited)

Altars:
Ashenzari
Cheibriados
Dithmenos
Elyvilon
Fedhas
Gozag
Hepliaklqana
Kikubaaqudgha
Makhleb
Nemelex Xobeh
Okawaru
Qazlal
Ru
Sif Muna
Trog
Uskayaw
Vehumet
Wu Jian
Xom
Yredelemnul
Zin
The Shining One

Shops:
D:6 *   D:8 *


Innate Abilities, Weirdness & Mutations

Your spellcasting is much less encumbered by armour.
You can use scrolls of enchantment on lesser artefacts.


Message History

The two-headed ogre is almost dead.
The two-headed ogre hits you with a +0 giant club!
The two-headed ogre closely misses you.
You puncture the two-headed ogre! You burn the two-headed ogre.
You kill the two-headed ogre!
You start resting.
HP restored.
There is an open door, spattered with blood here.
Things that are here:
a +0 giant club; a +0 giant club Magic restored.
There is an open door here.
A white ugly thing comes into view.
The white ugly thing gurgles horribly!
You hear a shout!
The white ugly thing gores you. The white ugly thing freezes you!!
You barely miss the white ugly thing. The white ugly thing misses you.
You thump the white ugly thing! You burn the white ugly thing.
The white ugly thing is lightly wounded.
The white ugly thing misses you.
You barely miss the white ugly thing.
The white ugly thing is lightly wounded.
The white ugly thing closely misses you.
You hit the white ugly thing but do no damage.
The white ugly thing is lightly wounded.
The white ugly thing gores you. The white ugly thing freezes you!!
You bludgeon the white ugly thing!! You burn the white ugly thing.
The white ugly thing is heavily wounded.
You sock the white ugly thing! You burn the white ugly thing.
The white ugly thing is severely wounded.
The white ugly thing barely misses you.
A troll comes into view.
You hit the white ugly thing. You burn the white ugly thing.
The white ugly thing is severely wounded.
The white ugly thing gores you. The white ugly thing freezes you!
You hit the white ugly thing. You burn the white ugly thing.
The white ugly thing is almost dead.
The white ugly thing gores you!
* * * LOW HITPOINT WARNING * * *
The white ugly thing freezes you!!
You die...

###### ####
###....#### T..
####.)....'..####u#
#....#....##....@.#
#.####....#########
..# #....# ###
#....# #....#
##'### ## #.# .#
##.# ##..####


You could see a white ugly thing and a troll.

Vanquished Creatures
  Erica (D:11)
  3 two-headed ogres
  An elephant (D:8)
  An unseen horror (D:11)
  A komodo dragon (D:8)
  3 trolls
  A hornet (D:10)
  A shadow (D:10)
  A wyvern (D:9)
  A wraith (D:10)
  10 yaks
  A steam dragon (D:8)
  2 acid dragons
  Duvessa (D:6)
  A water moccasin (D:5)
  2 orc warriors
  2 black bears (D:6)
  An ogre (D:6)
  A crocodile (Sewer)
  5 centaurs
  2 phantoms
  3 kobold brigands
  4 bullfrogs
  4 scorpions
  7 wights
  Dowan (D:6)
  3 howler monkeys
  4 crimson imps (D:11)
  A bombardier beetle (D:5)
  3 hounds
  A jelly (D:5)
  4 orc priests
  5 iguanas
  3 sleepcaps
  Jessica (D:3)
  5 orc wizards
  Natasha (D:3)
  8 gnolls
  A river rat (D:3)
  5 adders
  2 shadow imps (D:6)
  A white imp (D:6)
  2 ufetubi (D:7)
  2 dart slugs
  4 ribbon worms
  36 orcs
  6 ball pythons
  6 endoplasms
  7 giant cockroaches
  17 goblins
  3 hobgoblins
  3 jackals (Sewer)
  26 kobolds
  3 quokkas
  3 bats (D:3)
  A frilled lizard (D:1)
  5 rats
233 creatures vanquished.

Vanquished Creatures (collateral kills)
  An adder (D:6)
  3 gnolls
  An orc (D:7)
  2 goblins (D:3)
7 creatures vanquished.

Vanquished Creatures (others)
  A water moccasin (D:8)
  A black bear (D:8)
  A scorpion (D:6)
  An orc wizard (D:5)
  Robin (D:3)
5 creatures vanquished.

Grand Total: 245 creatures vanquished

Notes
Turn   | Place    | Note
-------+----------+-------------------------------------------
     0 | D:1      | Malificent the Mountain Dwarf Artificer began the quest for
                  | the Orb.
     0 | D:1      | Reached XP level 1. HP: 16/16 MP: 1/1
   279 | D:1      | Reached XP level 2. HP: 7/23 MP: 2/2
  1393 | D:2      | Reached skill level 1 in Maces & Flails
  1393 | D:2      | Reached XP level 3. HP: 18/28 MP: 3/3
  1806 | D:2      | Reached XP level 4. HP: 35/35 MP: 4/4
  1868 | D:2      | Reached skill level 1 in Dodging
  2942 | D:3      | Found a stormy altar of Qazlal.
  2946 | D:3      | Noticed a phantom
  2954 | D:3      | Killed a phantom
  2955 | D:3      | Reached XP level 5. HP: 41/41 MP: 5/5
  3010 | D:3      | Noticed Natasha
  3016 | D:3      | Killed Natasha
  3203 | D:3      | Reached XP level 6. HP: 48/48 MP: 6/6
  3213 | D:3      | Found a glowing drain.
  3236 | Sewer    | Entered a sewer
  3532 | D:3      | Noticed Robin
  3534 | D:3      | Noticed Jessica
  3539 | D:3      | Your ally Robin died
  3566 | D:3      | Reached skill level 5 in Armour
  3594 | D:3      | Killed Jessica
  4140 | D:4      | Reached skill level 5 in Evocations
  4171 | D:4      | Reached XP level 7. HP: 35/56 MP: 7/7
  5216 | D:5      | Entered Level 5 of the Dungeon
  5449 | D:5      | Reached skill level 5 in Maces & Flails
  5826 | D:5      | Reached XP level 8. HP: 59/63 MP: 8/8
  5920 | D:5      | Reached skill level 1 in Shields
  7167 | D:6      | Found Vunlumykh's General Store.
  7176 | D:6      | Bought a +0 buckler of protection for 149 gold pieces
  7302 | D:6      | Found an ornate altar of the Wu Jian Council.
  7578 | D:6      | Noticed Duvessa
  7578 | D:6      | Noticed Dowan
  7586 | D:6      | Killed Dowan
  7587 | D:6      | Reached skill level 1 in Stealth
  7626 | D:6      | Killed Duvessa
  7823 | D:6      | Found a white marble altar of Elyvilon.
  7850 | D:6      | Became a worshipper of Elyvilon the Healer
  8034 | D:7      | Found a staircase to the Ecumenical Temple.
  8076 | Temple   | Entered the Ecumenical Temple
  8101 | Temple   | Fell from the grace of Elyvilon
  8101 | Temple   | Became a worshipper of the Shining One
  8421 | D:7      | Reached XP level 9. HP: 70/70 MP: 9/9
  8722 | D:8      | Found a hide-covered altar of Uskayaw.
  8729 | D:8      | Noticed a +0 hand axe
  8730 | D:8      | Noticed a +0 hand axe
  8735 | D:8      | Reached skill level 1 in Invocations
  8875 | D:8      | Found Kidoism's Assorted Antiques.
  8883 | D:8      | Bought a fine pewter ring for 145 gold pieces
  8883 | D:8      | Identified the ring "Sone" {^Contam rN+ Int+6 Dex+6} (You
                  | bought it in a shop on level 8 of the Dungeon)
  9122 | D:8      | Found a broken altar of Ashenzari.
  9262 | D:8      | Reached * piety under the Shining One
  9372 | D:8      | Noticed an elephant
  9395 | D:8      | Killed an elephant
  9595 | D:8      | Found a staircase to the Lair.
  9595 | D:8      | Noticed a komodo dragon
  9609 | D:8      | Killed a komodo dragon
 10024 | D:9      | Reached XP level 10. HP: 18/80 MP: 7/13
 10891 | D:9      | Reached skill level 5 in Fighting
 10902 | D:9      | Found a sacrificial altar of Ru.
 11028 | D:9      | Noticed a two-headed ogre
 11042 | D:9      | Killed a two-headed ogre
 11043 | D:9      | Reached skill level 5 in Invocations
 11392 | D:10     | Entered Level 10 of the Dungeon
 11550 | D:10     | Reached skill level 10 in Maces & Flails
 12010 | D:10     | Reached skill level 10 in Armour
 12304 | D:11     | Noticed Erica
 12317 | D:11     | Killed Erica
 12318 | D:11     | Reached XP level 11. HP: 47/89 MP: 7/15
 12370 | D:11     | Found a staircase to the Orcish Mines.
 12530 | D:11     | Found a shimmering altar of Xom.
 12531 | D:11     | Reached ** piety under the Shining One
 12693 | D:11     | Noticed a two-headed ogre
 12703 | D:11     | Killed a two-headed ogre
 12830 | D:11     | Noticed a two-headed ogre
 12836 | D:11     | Killed a two-headed ogre
 12900 | D:11     | Noticed a white ugly thing
 12909 | D:11     | Slain by a white ugly thing

Illustrated notes

Levels and vault maps discovered:
D:1:      shiori_arrival_elements, layout_basic, serial_bayou_ford_a,
          dreamdust_mushroom_princess
D:2:      layout_loops_corners
D:3:      layout_basic, lemuel_doored_altar, gup_sewer_entry_bubbles,
          uniq_robin, uniq_jessica, uniq_natasha
D:4:      layout_loops_corners, serial_co_window_serial, co_window_corner_a,
          co_window_paths_a, co_window_of_opportunity_a, co_window_corner_a,
          co_window_paths_a, co_window_corner_b, co_window_broadway_a,
          co_window_broadway_a, glass_columns_a, dreamdust_gnoll_farm
D:5:      layout_loops_corners, serial_rivers, chequers_serial_rivers_small_b,
          chequers_serial_rivers_small_a, chequers_serial_rivers_small_3,
          chequers_serial_rivers_small_b, chequers_serial_rivers_large_b
D:6:      layout_rooms, kennysheep_mini_moat, nicolae_elyvilon_temple_path,
          serial_shops, shop, palyth_stone_intersect, uniq_duvessa
D:7:      layout_gridville, minmay_temple_entry_wispy
D:8:      layout_loops_ring, mainiacjoe_overflow_alcove_4,
          dancing_weapons_uskayaw, grunt_lair_entry_orc_guard_hut, serial_shops,
          shop
D:9:      layout_basic, lemuel_round_altar
D:10:     layout_big_octagon, hangedman_abyss_or_decor_slice
D:11:     layout_roguey, orc_0_dummy, led_xom_imps, uniq_erica
Temple:   regret_index_temple_sphere_string

Skill      XL: |  1  2  3  4  5  6  7  8  9 10 11 |
---------------+----------------------------------+-----
Maces & Flails | 1 2 3 4 5 7 8 10 | 10.9
Armour         | 3 4 5 6 7 8 10 | 10.4
Evocations     | 4 5 6 7 8 |  8.5
Dodging        | 1 2 |  2.7
Fighting       | 2 3 4 5 6 |  6.3
Shields        | 2 3 |  3.8
Stealth        | 2 |  2.3
Invocations    | 4 6 |  6.5
Throwing       | |  0.3

Action                     |  1- 3 |  4- 6 |  7- 9 | 10-12 || total
---------------------------+-------+-------+-------+-------++-------
  Melee: Club              |    82 |       |       |       ||    82
         Dagger            |    10 |       |       |       ||    10
         Flail             |     6 |   254 |   474 |    26 ||   760
         Dire flail        |       |       |       |   148 ||   148
  Throw: Dart              |     1 |     2 |     2 |       ||     5
 Invoke: Divine Shield     |       |       |     1 |       ||     1
  Evoke: Wand              |     6 |    13 |    47 |     8 ||    74
    Use: Scroll            |       |     6 |     6 |     8 ||    20
         Potion            |       |       |     3 |       ||     3
   Stab: Paralysed         |       |       |    11 |       ||    11
 Armour: Leather armour    |    19 |       |       |       ||    19
         Chain mail        |    54 |   286 |   225 |       ||   565
         Ice dragon scales |       |       |   310 |   107 ||   417
         Troll leather arm |       |       |       |    43 ||    43
  Dodge: Dodged            |    47 |   135 |   207 |    98 ||   487
  Block: Buckler           |       |    20 |   118 |     7 ||   145

Table legend: (Time is in decaauts)
 A = Elapsed time spent in this place.
 B = Non-inter-level travel time spent in this place.
 C = Inter-level travel time spent in this place.
 D = Time resting spent in this place.
 E = Time spent auto-exploring this place.
 F = Levels seen in this place.
 G = Mean time per level.
                   A        B        C        D        E       F      G
               +--------+--------+--------+--------+--------+-----+--------+
         Total |  13119 |  12878 |    241 |   3746 |   6030 |  13 | 1009.2 |
       Dungeon |  12918 |  12702 |    216 |   3746 |   5979 |  11 | 1174.4 |
        Temple |     50 |     25 |     25 |      0 |      0 |   1 |   50.0 |
         Sewer |    150 |    150 |      0 |      0 |     50 |   1 |  150.0 |
               +--------+--------+--------+--------+--------+-----+--------+

Top non-repeatable levels by time:
     D:9: 1717 daAuts
     D:2: 1632 daAuts
     D:5: 1469 daAuts
     D:4: 1404 daAuts
     D:8: 1344 daAuts
     D:6: 1337 daAuts
     D:1: 1163 daAuts
     D:3: 1016 daAuts
     D:7: 665 daAuts
    D:11: 611 daAuts
    D:10: 556 daAuts
   Sewer: 150 daAuts
  Temple: 50 daAuts
